 Dungeon Crawl Stone Soup version 0.22.0-75-g3901e7991e (webtiles) character file.

549 JedernureinKreuz the Conjurer (level 7, -13/51 HPs)
             Began as a Gnoll Conjurer on Sept 12, 2018.
             Was an Initiate of Sif Muna.
             Mangled by Sigmund
             ... wielding a +0 scythe
              (15 damage)
             ... on level 5 of the Dungeon.
             The game lasted 00:17:23 (3000 turns).

JedernureinKreuz the Conjurer (Gnoll Conjurer)      Turns: 3000, Time: 00:17:23

Health: -13/51     AC:  3    Str:  8 (10) XL:     7   Next: 28%
Magic:  15/15      EV: 15    Int: 19 (20) God:    Sif Muna [......]
Gold:   145        SH:  0    Dex: 14 (15) Spells: 9/17 levels left

rFire    . . .     SeeInvis .   t - +3 short sword (elec)
rCold    . . .     Gourm    .   (no shield)
rNeg     . . .     Faith    .   a - +0 robe
rPois    .         Spirit   .   (no helmet)
rElec    .         Reflect  .   y - +0 cloak
rCorr    .         Harm     .   (no gloves)
MR       .....                  (no boots)
Stlth    +++.......             z - amulet of the King {Inacc +Inv}
HPRegen  0.17/turn              (no ring)
MPRegen  0.14/turn              (no ring)

@: lethally poisoned (-13 -> -14)
A: distributed training, fangs 1, strong nose
a: Renounce Religion, Evoke Invisibility


You were on level 5 of the Dungeon.
You worshipped Sif Muna.
Sif Muna was noncommittal.
You were not hungry.

You visited 1 branch of the dungeon, and saw 5 of its levels.

You collected 145 gold pieces.

Inventory:

Hand Weapons
 b - a cursed -3 whip
 f - a +0 dagger
 l - a +0 short sword
 t - a +3 short sword of electrocution (weapon)
Missiles
 i - 19 bolts
 j - 2 javelins (quivered)
 m - 68 stones
 p - 104 arrows
 w - 15 poisoned needles
Armour
 a - a +0 robe (worn)
 q - a +0 leather armour of poison resistance
 y - a +0 cloak (worn)
Jewellery
 z - the amulet of the King (around neck) {Inacc +Inv}
   (You found it on level 5 of the Dungeon)

   [amulet of inaccuracy]

   It reduces the accuracy of all your attacks.
   It lets you turn invisible.
Wands
 A - a wand of acid (6)
Scrolls
 d - 2 scrolls of enchant armour {unknown}
 e - a scroll of amnesia
 k - 6 scrolls of enchant weapon
 n - 2 scrolls of teleportation
 o - a scroll of random uselessness {unknown}
 s - a scroll of fear {unknown}
 v - a scroll of noise
Potions
 g - 3 potions of agility
 h - a potion of might
 r - 2 potions of lignification
 u - a potion of ambrosia {unknown}
 x - 2 potions of haste
Comestibles
 c - 8 rations
 B - 2 chunks of flesh


   Skills:
 + Level 2.3 Fighting
 + Level 2.3 Short Blades
 + Level 2.3 Long Blades
 + Level 2.3 Axes
 + Level 2.3 Maces & Flails
 + Level 2.3 Polearms
 + Level 2.3 Staves
 + Level 2.3 Slings
 + Level 2.3 Bows
 + Level 2.3 Crossbows
 + Level 2.3 Throwing
 + Level 2.3 Armour
 + Level 5.2 Dodging
 + Level 4.8 Stealth
 + Level 2.3 Shields
 + Level 2.3 Unarmed Combat
 + Level 5.5 Spellcasting
 + Level 7.4 Conjurations
 + Level 1.9 Hexes
 + Level 1.9 Charms
 + Level 1.9 Summonings
 + Level 1.9 Necromancy
 + Level 1.9 Translocations
 + Level 1.9 Transmutations
 + Level 1.9 Fire Magic
 + Level 1.9 Ice Magic
 + Level 1.9 Air Magic
 + Level 1.9 Earth Magic
 + Level 1.9 Poison Magic
 + Level 2.6 Invocations
 + Level 2.3 Evocations


You had 9 spell levels left.
You knew the following spells:

 Your Spells              Type           Power        Failure   Level  Hunger
a - Magic Dart            Conj           ####         1%          1    None
b - Iskenderun's Mystic   Conj           ####....     5%          4    ####...
c - Dazzling Spray        Conj/Hex       ###...       5%          3    ##.....

Your spell library contained the following spells:

 Spells                   Type           Power        Failure   Level  Hunger
 Searing Ray              Conj           ####..       1%          2    None
 Force Lance              Conj/Tloc      ###.....     17%         4    ####...
 Fulminant Prism          Conj/Hex       ###.......   17%         4    ####...


Dungeon Overview and Level Annotations

Branches:
Dungeon (5/15)
 Temple: D:4-7

Altars:
Kikubaaqudgha
Sif Muna
The Shining One

Annotations:
D:5 Sigmund


Innate Abilities, Weirdness & Mutations

Your experience applies equally to all skills.
You have very sharp teeth.
Your uncanny sense of smell can sniff out nearby items.


Message History

You hit the adder.
The adder is almost dead.
The adder closely misses you. Something hits you!
You miss the adder.
The adder is almost dead.
The adder bites you.
You are poisoned.
The adder poisons you!
You closely miss the adder.
The adder is almost dead.
You feel sick. The adder barely misses you. Something hits you!
* * * LOW HITPOINT WARNING * * *
You hit the adder.
You kill the adder!
Sif Muna accepts your kill. Something completely misses you.
You see here an adder corpse.
* * * LOW HITPOINT WARNING * * *
You feel sick. Something hits you!
You die...

##.....# ##.......#
##......###........#
#.......##..#.....##
#......#..###....#
#........## #...##
##.......# ##.##
##..{..## ## #.†..##
#..@.##
......##..###
....#####...## ....#
###..## ...#
####..## ..#
###......### .#
##.......>..#######
#.............##...
##.................


There were no monsters in sight!

Vanquished Creatures
  A hungry ghost (D:3)
  An ogre (D:4)
  A howler monkey (D:4)
  An orc priest (D:4)
  A hound (D:4)
  2 worker ants
  A hound zombie (D:5)
  9 adders
  2 oozes
  A worm (D:3)
  8 orcs
  2 giant cockroaches
  6 goblins
  9 hobgoblins
  14 jackals
  6 kobolds
  5 quokkas
  2 ball pythons (D:2)
  5 bats
  5 frilled lizards
  6 rats
88 creatures vanquished.

Notes
Turn   | Place    | Note
-------+----------+-------------------------------------------
     0 | D:1      | JedernureinKreuz the Gnoll Conjurer began the quest for the
                  | Orb.
     0 | D:1      | Reached XP level 1. HP: 13/13 MP: 6/6
   111 | D:1      | Reached XP level 2. HP: 19/19 MP: 4/7
   788 | D:2      | Reached XP level 3. HP: 25/25 MP: 9/9
   804 | D:2      | Reached skill level 5 in Spellcasting
   874 | D:2      | Reached skill level 1 in Invocations
  1027 | D:2      | Reached skill level 1 in Fighting
  1027 | D:2      | Reached skill level 1 in Short Blades
  1027 | D:2      | Reached skill level 1 in Long Blades
  1027 | D:2      | Reached skill level 1 in Axes
  1027 | D:2      | Reached skill level 1 in Maces & Flails
  1027 | D:2      | Reached skill level 1 in Polearms
  1027 | D:2      | Reached skill level 1 in Staves
  1027 | D:2      | Reached skill level 1 in Slings
  1027 | D:2      | Reached skill level 1 in Bows
  1027 | D:2      | Reached skill level 1 in Crossbows
  1027 | D:2      | Reached skill level 1 in Throwing
  1027 | D:2      | Reached skill level 1 in Armour
  1027 | D:2      | Reached skill level 1 in Shields
  1027 | D:2      | Reached skill level 1 in Unarmed Combat
  1027 | D:2      | Reached skill level 1 in Evocations
  1027 | D:2      | Reached XP level 4. HP: 30/32 MP: 6/11
  1038 | D:2      | Found an ancient bone altar of Kikubaaqudgha.
  1294 | D:2      | Reached skill level 1 in Hexes
  1294 | D:2      | Reached skill level 1 in Charms
  1294 | D:2      | Reached skill level 1 in Summonings
  1294 | D:2      | Reached skill level 1 in Necromancy
  1294 | D:2      | Reached skill level 1 in Translocations
  1294 | D:2      | Reached skill level 1 in Transmutations
  1294 | D:2      | Reached skill level 1 in Fire Magic
  1294 | D:2      | Reached skill level 1 in Ice Magic
  1294 | D:2      | Reached skill level 1 in Air Magic
  1294 | D:2      | Reached skill level 1 in Earth Magic
  1294 | D:2      | Reached skill level 1 in Poison Magic
  1487 | D:3      | Reached XP level 5. HP: 37/37 MP: 5/12
  1920 | D:3      | Noticed a hungry ghost
  1979 | D:3      | Killed a hungry ghost
  1979 | D:3      | Reached XP level 6. HP: 38/44 MP: 4/13
  1985 | D:3      | Learned a level 4 spell: Iskenderun's Mystic Blast
  1989 | D:3      | Learned a level 3 spell: Dazzling Spray
  2115 | D:4      | Found a deep blue altar of Sif Muna.
  2121 | D:4      | Became a worshipper of Sif Muna the Loreminder
  2134 | D:4      | Reached skill level 5 in Dodging
  2442 | D:4      | Found a glowing golden altar of the Shining One.
  2519 | D:4      | Reached XP level 7. HP: 50/50 MP: 10/15
  2888 | D:5      | Entered Level 5 of the Dungeon
  2892 | D:5      | Got a sparkling copper amulet
  2898 | D:5      | Identified the amulet of the King {Inacc +Inv} (You found
                  | it on level 5 of the Dungeon)
  2970 | D:5      | Noticed Sigmund
  3000 | D:5      | HP: 2/51 [poisoned by an adder]
  3000 | D:5      | Mangled by Sigmund

Skill      XL: |  1  2  3  4  5  6 |
---------------+-------------------+-----
Spellcasting   | 5 |  5.5
Invocations    | 1 2 |  2.6
Fighting       | 1 2 |  2.3
Short Blades   | 1 2 |  2.3
Long Blades    | 1 2 |  2.3
Axes           | 1 2 |  2.3
Maces & Flails | 1 2 |  2.3
Polearms       | 1 2 |  2.3
Staves         | 1 2 |  2.3
Slings         | 1 2 |  2.3
Bows           | 1 2 |  2.3
Crossbows      | 1 2 |  2.3
Throwing       | 1 2 |  2.3
Armour         | 1 2 |  2.3
Shields        | 1 2 |  2.3
Unarmed Combat | 1 2 |  2.3
Evocations     | 1 2 |  2.3
Hexes          | 1 |  1.9
Charms         | 1 |  1.9
Summonings     | 1 |  1.9
Necromancy     | 1 |  1.9
Translocations | 1 |  1.9
Transmutations | 1 |  1.9
Fire Magic     | 1 |  1.9
Ice Magic      | 1 |  1.9
Air Magic      | 1 |  1.9
Earth Magic    | 1 |  1.9
Poison Magic   | 1 |  1.9
Dodging        | 5 |  5.2
Stealth        | |  4.8
Conjurations   | |  7.4

Action                   |  1- 3 |  4- 6 |  7- 9 || total
-------------------------+-------+-------+-------++-------
Melee: Short sword       |    48 |    41 |    14 ||   103
       Bite              |     4 |     5 |       ||     9
 Cast: Magic Dart        |    55 |   113 |     9 ||   177
       Iskenderun's Myst |       |     2 |       ||     2
  Use: Scroll            |       |    10 |       ||    10
       Potion            |       |     3 |       ||     3
 Stab: Sleeping          |     2 |       |       ||     2
  Eat: Chunk             |       |     6 |     2 ||     8
Armor: Robe              |     8 |     5 |     3 ||    16
Dodge: Dodged            |    64 |    69 |    17 ||   150
